 Dungeon Crawl Stone Soup version 0.28-a0-938-gbc3f381ebc (webtiles) character file.

Game seed: 12851832594292042362

2 greenreed the Magician (level 1, -1/13 HPs)
             Began as a Gnoll Hedge Wizard on Nov 28, 2021.
             Slain by a kobold (12 damage)
             ... on level 1 of the Dungeon.
             The game lasted 00:02:32 (117 turns).

greenreed the Magician (Gnoll Hedge Wizard)          Turns: 117, Time: 00:02:36

Health: -1/13      AC:  2    Str:  9    XL:     1   Next: 30%
Magic:  8/8        EV: 13    Int: 13    God:
Gold:   9          SH:  5    Dex: 11    Spells: 12/14 levels left

rFire   . . .      SeeInvis .   a - +0 dagger
rCold   . . .      Faith    .   (no shield)
rNeg    . . .      Spirit   .   b - +0 robe
rPois   .          Reflect  +   c - +0 hat
rElec   .          Harm     .   (no cloak)
rCorr   .          Rampage  .   (no gloves)
Will    .....                   (no boots)
Stlth   ++........              e - amulet of reflection
HPRegen 0.04/turn               (no ring)
MPRegen 0.11/turn               (no ring)

@: no status effects
A: fangs 1, strong nose, distributed training
a: no special abilities


You were on level 1 of the Dungeon.
You visited 1 branch of the dungeon, and saw 1 of its levels.

You collected 9 gold pieces.

Inventory:

Hand Weapons
 a - a +0 dagger (weapon)
Missiles
 d - 25 bolts
Armour
 b - a +0 robe (worn)
 c - a +0 hat (worn)
Jewellery
 e - an amulet of reflection (around neck)


   Skills:
 + Level 0.0 Fighting
 + Level 0.0 Short Blades
 + Level 0.0 Long Blades
 + Level 0.0 Axes
 + Level 0.0 Maces & Flails
 + Level 0.0 Polearms
 + Level 0.0 Staves
 + Level 0.0 Slings
 + Level 0.0 Bows
 + Level 0.0 Crossbows
 + Level 0.0 Throwing
 + Level 0.0 Armour
 + Level 4.4 Dodging
 + Level 4.0 Stealth
 + Level 0.0 Shields
 + Level 0.0 Unarmed Combat
 + Level 7.0 Spellcasting
 + Level 1.9 Conjurations
 + Level 0.0 Hexes
 + Level 1.9 Summonings
 + Level 0.0 Necromancy
 + Level 1.9 Translocations
 + Level 0.0 Transmutations
 + Level 0.0 Fire Magic
 + Level 0.0 Ice Magic
 + Level 0.0 Air Magic
 + Level 0.0 Earth Magic
 + Level 0.0 Poison Magic
 + Level 0.1 Invocations
 + Level 0.0 Evocations


You had 12 spell levels left.
You knew the following spells:

 Your Spells              Type           Power      Damage    Failure   Level
a - Magic Dart            Conj           36%        1d4       7%          1
b - Slow                  Hex            16%        N/A       16%         1

Your spell library contained the following spells:

 Spells                   Type           Power      Damage    Failure   Level
 Shock                    Conj/Air       28%        1d4       10%         1
 Blink                    Tloc           18%        N/A       11%         2
 Call Imp                 Summ           9%         N/A       11%         2
 Conjure Flame            Conj/Fire      7%         6-21      30%         3
 Mephitic Cloud           Conj/Pois/Air  6%         N/A       34%         3
 Swiftness                Air            4%         N/A       41%         3
 Airstrike                Air            2%         N/A       83%         4


Dungeon Overview and Level Annotations

Branches:
Dungeon (1/15)

Altars:


Innate Abilities, Weirdness & Mutations

You have very sharp teeth.
Your uncanny sense of smell can sniff out nearby items.
Your experience applies equally to all skills.


Message History

You kill the frilled lizard!
Your magical contamination has completely faded away.
You see here a frilled lizard corpse.
e - an amulet of reflection You see here a +0 leather armour.
You start putting on your amulet.
You continue putting on your amulet of reflection. x5
You finish putting on your amulet of reflection.
You feel a shielding aura gather around you.
e - an amulet of reflection (around neck) Magic restored.
HP restored.
Found a leather armour.
Found a faded altar of an unknown god.
You now have 9 gold pieces.
A hobgoblin comes into view.
Found a stone staircase leading down.
You see here a book of Air.
The helpless hobgoblin fails to defend itself.
You puncture the hobgoblin!
You kill the hobgoblin!
You pick up a book of Air and begin reading...
You add the spells Shock, Swiftness and Airstrike to your library.
Memorise Slow, consuming 1 spell level and leaving 12?
You start memorising the spell.
You continue memorising.
You finish memorising.
Spell assigned to 'b'.
Casting: Magic Dart (safe; 7% risk of failure)
Confirm with . or Enter, or press ? or * to list all spells.
Okay, then.
A kobold comes into view.
It is wielding a +1 whip of electrocution.
A bat comes into view.
You block the bat's attack.
The kobold shouts!
You hit the kobold but do no damage.
You hear an angry hiss.
The bat barely misses you.
A frilled lizard comes into view.
The kobold hits you with a +1 whip of electrocution.
You are electrocuted!
Ouch! That really hurt!
You die...

##.l# .... ...#
#..### #..#..
#..#.# ∆ #.K#.#
#.@#.######.
#...........
#...b#.######.
∆ #.####.# ###
#. #.###.## #.#
#.##>..## #.#
#.......###.#.#
#.#
####..........#
#.#
##.#####...#


You could see a bat, a kobold and a frilled lizard.

Vanquished Creatures
  A hobgoblin (D:1)
  A frilled lizard (D:1)
2 creatures vanquished.

Notes
Turn   | Place    | Note
-------+----------+-------------------------------------------
     0 | D:1      | greenreed the Gnoll Hedge Wizard began the quest for the
                  | Orb.
     0 | D:1      | Reached XP level 1. HP: 13/13 MP: 8/8
    76 | D:1      | Found a faded altar of an unknown god.
   104 | D:1      | Learned a level 1 spell: Slow
   117 | D:1      | Slain by a kobold

Illustrated notes

Levels and vault maps discovered:
D:1:      minmay_arrival_stone_box, layout_loops_ring, basic_ecumenical_altar,
          amcnicky_mini_corridor_feature, minmay_octomino_e4

Action                   || total
-------------------------++-------
Melee: Dagger            ||     7
 Cast: Magic Dart        ||     1
 Stab: Sleeping          ||     1
Dodge: Dodged            ||     5
Block: Other             ||     1

Table legend: (Time is in decaauts)
 A = Elapsed time spent in this place.
 B = Non-inter-level travel time spent in this place.
 C = Inter-level travel time spent in this place.
 D = Time resting spent in this place.
 E = Time spent auto-exploring this place.
 F = Levels seen in this place.
 G = Mean time per level.
                   A        B        C        D        E       F      G
               +--------+--------+--------+--------+--------+-----+--------+
         Total |    117 |    117 |      0 |      0 |     68 |   1 |  117.0 |
       Dungeon |    117 |    117 |      0 |      0 |     68 |   1 |  117.0 |
               +--------+--------+--------+--------+--------+-----+--------+

Top non-repeatable levels by time:
     D:1: 117 daAuts
